 Dungeon Crawl Stone Soup version 0.29-a0-2-g12fcac58f8 (webtiles) character file.

Game seed: 10402724115376902041

102 oldriver the Insei (level 4, -6/30 HPs)
             Began as an Octopode Transmuter on Jan 26, 2022.
             Mangled by Sigmund (13 damage)
             ... on level 3 of the Dungeon.
             The game lasted 00:03:15 (2273 turns).

oldriver the Insei (Octopode Transmuter)            Turns: 2273, Time: 00:03:16

Health: -6/30      AC:  1    Str:  9    XL:     4   Next: 77%
Magic:  7/8        EV:  7    Int: 17    God:
Gold:   87         SH:  0    Dex: 12    Spells: 5/8 levels left

rFire   . . .      SeeInvis .   b - +2 dagger (venom)
rCold   . . .      Faith    .   l - orb {light}
rNeg    . . .      Spirit   .   (helmet restricted)
rPois   .          Reflect  .   (no amulet)
rElec   .          Harm     .   (no ring)
rCorr   .          Rampage  .   (no ring)
Will    .....                   (no ring)
Stlth   +.........              (no ring)
HPRegen 0.10/turn               (no ring)
MPRegen 0.11/turn               (no ring)
                                (no ring)
                                (no ring)

@: wereblooded, held, glowing
A: almost no armour, amphibious, 8 rings, camouflage 1, gelatinous body 1,
(nimble swimmer 1), tentacles
a: no special abilities


You were on level 3 of the Dungeon.
You visited 1 branch of the dungeon, and saw 4 of its levels.

You collected 87 gold pieces.

Inventory:

Hand Weapons
 b - a +2 dagger of venom (weapon)
Armour
 g - an orb of mayhem
 l - an orb of light (worn)
Scrolls
 c - a scroll of blinking {unknown}
 i - a scroll of vulnerability {unknown}
 m - a scroll of noise {unknown}
 n - a scroll of magic mapping {unknown}
Potions
 a - a potion of lignification {unknown}
 d - a potion of brilliance {unknown}
 e - a potion of flight {unknown}
 f - a potion of haste {unknown}
 h - a potion of heal wounds {unknown}
 j - a potion of curing
 k - a potion of attraction {unknown}


   Skills:
 + Level 2.4 Fighting
 + Level 3.0 Dodging
 + Level 1.9 Stealth
 - Level 3.0 Unarmed Combat
 + Level 2.8 Spellcasting
 - Level 2.0 Transmutations


You had 5 spell levels left.
You knew the following spells:

 Your Spells              Type           Power      Damage    Failure   Level
a - Beastly Appendage     Tmut           18%        N/A       8%          1
b - Wereblood             Tmut           9%         N/A       12%         2

Your spell library contained the following spells:

 Spells                   Type           Power      Damage    Failure   Level
 Passwall                 Tmut/Erth      4%         N/A       19%         2
 Ensorcelled Hibernation  Hex/Ice        4%         N/A       26%         2
 Spider Form              Tmut/Pois      5%         N/A       34%         3
 Swiftness                Air            2%         N/A       47%         3
 Ice Form                 Ice/Tmut       5%         N/A       75%         4


Dungeon Overview and Level Annotations

Branches:
Dungeon (4/15)
 Temple: D:4-7

Altars:
Okawaru

Shops:
D:1 (   D:2 *

Annotations:
D:3 Sigmund


Innate Abilities, Weirdness & Mutations

You cannot wear most types of armour.
You are amphibious.
You can wear up to eight rings at the same time.
Your skin changes colour to match your surroundings (Stealth+).
Your rubbery body absorbs attacks. (AC +1, EV +1)
((You are camouflaged when in or above water. (Stealth+)))
You have tentacles for arms and can constrict up to eight enemies at once.


Message History

You hit the hound.
The hound looks as sick as possible!
The hound is severely wounded.
You constrict the hound. The hound bites you but does no damage.
Casting: Beastly Appendage (safe; 8% risk of failure)
Confirm with . or Enter, or press ? or * to list all spells.
Your blood is infused with primal strength.
You constrict the hound.
You feel a bit better.
You kill the hound!
A gnoll comes into view. It is wielding a +0 club.
Your Dodging skill increases to level 3!
You howl as the wereblood boils in your veins!
The gnoll shouts!
You hear a shout!
There is a stone staircase leading up here.
You see here a hobgoblin corpse.
Your tentacle spike disappears.
A gnoll comes into view. It is wielding a +0 club.
The gnoll throws a throwing net.
The throwing net hits you.
You become entangled in the net!
The hound skeleton bites you.
You are held in a net!
You are held in a net!
You tear a large gash into the net.
You howl as the wereblood boils in your veins!
The hound skeleton closely misses you.
You struggle against the net.
The hound skeleton closely misses you. The gnoll hits you with a +0 club!
You shred the net and break free! The hound skeleton bites you.
The gnoll misses you. The hound skeleton barely misses you.
The gnoll barely misses you. The gnoll closely misses you.
The hound skeleton bites you but does no damage.
You climb upwards.
Level annotation: Sigmund
There is a stone staircase leading down here.
The gnoll throws a throwing net.
The throwing net hits you.
You become entangled in the net!
There is a stone staircase leading up here.
You see here a throwing net.
You tear a large gash into the net.
The gnoll hits you with a +0 club.
* * * LOW HITPOINT WARNING * * *
Sigmund hits you from afar with a +0 scythe!
You die...

#.# #.# #.# #.# #.#
#.# ##@## ##.g>##
######.###
#..@g.#####..†.....#
#.......÷....#
#.....#####..#
##...## #..# #####
#..# #..# #####..#
#..†...# #. #.###.##
#.


You could see Sigmund and 2 gnolls.

Vanquished Creatures
  A hound (D:4)
  3 adders
  A dart slug (D:1)
  5 orcs (D:3)
  4 ball pythons
  2 bats (D:2)
  2 endoplasms (D:1)
  5 goblins
  5 hobgoblins
  2 quokkas
  3 kobolds
  4 rats
37 creatures vanquished.

Notes
Turn   | Place    | Note
-------+----------+-------------------------------------------
     0 | D:1      | oldriver the Octopode Transmuter began the quest for the
                  | Orb.
     0 | D:1      | Reached XP level 1. HP: 13/13 MP: 3/3
   136 | D:1      | Found Tumnodal's Antique Weapon Emporium.
   209 | D:1      | Reached XP level 2. HP: 18/18 MP: 3/5
   897 | D:2      | Found an iron altar of Okawaru.
   902 | D:2      | Found a faded altar of an unknown god.
   924 | D:2      | Reached XP level 3. HP: 15/24 MP: 4/6
  1184 | D:2      | Found Idoheuxt's General Store.
  1345 | D:2      | Learned a level 2 spell: Wereblood
  2003 | D:3      | Reached skill level 1 in Stealth
  2003 | D:3      | Reached XP level 4. HP: 22/29 MP: 5/7
  2188 | D:3      | Noticed Sigmund
  2252 | D:4      | Noticed a scorpion
  2273 | D:3      | Mangled by Sigmund

Illustrated notes

Levels and vault maps discovered:
D:1:      dpeg_arrival_stonehenge_12_columns, layout_basic, serial_shops,
          nicolae_shop_temple_entry_statues_fountains
D:2:      layout_loops_cross, shapermc_ecumenical_altar_starsandcircs,
          serial_shops, nicolae_shop_crystal, basic_altar,
          palyth_stone_intersect
D:3:      layout_loops_ring, serial_co_window_serial, co_window_corner_a,
          co_window_paths_a, co_window_cross_1, co_window_paths_b,
          co_window_of_opportunity_a, co_window_broadway_b, co_window_cross_2,
          co_window_2corner, co_window_of_opportunity_b, co_window_paths_c,
          co_window_of_opportunity_b, uniq_sigmund
D:4:      layout_rooms, mainiacjoe_overflow_alcove_1, minmay_fountain_box,
          uniq_menkaure

Skill      XL: |  1  2  3  4 |
---------------+-------------+-----
Fighting       | 2 |  2.4
Stealth        | 1 |  1.9
Dodging        | 3 |  3.0
Unarmed Combat | |  3.0
Spellcasting   | |  2.8
Transmutations | |  2.0

Action                   |  1- 3 |  4- 6 || total
-------------------------+-------+-------++-------
Melee: Unarmed           |    14 |       ||    14
       Kick              |    12 |     2 ||    14
       Tentacles         |    10 |     1 ||    11
       Constrict         |    17 |     6 ||    23
       Dagger            |    35 |    10 ||    45
       Punch             |     2 |     1 ||     3
 Cast: Beastly Appendage |    23 |     4 ||    27
       Wereblood         |     1 |     2 ||     3
  Use: Potion            |     3 |       ||     3
 Stab: Sleeping          |     4 |       ||     4
Armor: Skin              |     3 |     2 ||     5
Dodge: Dodged            |    26 |    22 ||    48

Table legend: (Time is in decaauts)
 A = Elapsed time spent in this place.
 B = Non-inter-level travel time spent in this place.
 C = Inter-level travel time spent in this place.
 D = Time resting spent in this place.
 E = Time spent auto-exploring this place.
 F = Levels seen in this place.
 G = Mean time per level.
                   A        B        C        D        E       F      G
               +--------+--------+--------+--------+--------+-----+--------+
         Total |   2271 |   2231 |     40 |    195 |   1711 |   4 |  567.8 |
       Dungeon |   2271 |   2231 |     40 |    195 |   1711 |   4 |  567.8 |
               +--------+--------+--------+--------+--------+-----+--------+

Top non-repeatable levels by time:
     D:2: 955 daAuts
     D:1: 878 daAuts
     D:3: 365 daAuts
     D:4: 72 daAuts
